 Dungeon Crawl Stone Soup version 0.24.0 (webtiles) character file.

Game seed: 5918039396529172850, levelgen mode: deterministic

18 RonnieColeman the Conjurer (level 2, -1/17 HPs)
             Began as an Octopode Conjurer on Jan 20, 2020.
             Slain by a jackal (2 damage)
             ... on level 1 of the Dungeon.
             The game lasted 00:01:13 (898 turns).

RonnieColeman the Conjurer (Octopode Conjurer)       Turns: 898, Time: 00:01:14

Health: -1/17      AC:  1    Str:  7    XL:     2   Next: 66%
Magic:  5/5        EV: 13    Int: 17    God:
Gold:   44         SH:  0    Dex: 12    Spells: 5/6 levels left

rFire    . . .     SeeInvis .   c - +0 dagger
rCold    . . .     Gourm    .   (no shield)
rNeg     . . .     Faith    .   (helmet restricted)
rPois    .         Spirit   .   (no amulet)
rElec    .         Reflect  .   (no ring)
rCorr    .         Harm     .   (no ring)
MR       .....                  (no ring)
Stlth    +++.......             (no ring)
HPRegen  0.05/turn              (no ring)
MPRegen  0.09/turn              (no ring)
                                (no ring)
                                (no ring)

@: no status effects
A: almost no armour, stealthy swim, amphibious, 8 rings, constrict 8, camouflage
1, gelatinous body 1
a: no special abilities


You were on level 1 of the Dungeon.
You were not hungry.

You visited 1 branch of the dungeon, and saw 1 of its levels.

You collected 44 gold pieces.

Inventory:

Hand Weapons
 c - a +0 dagger (weapon)
Scrolls
 g - a scroll of remove curse {unknown}
Potions
 a - a potion of curing {unknown}
 d - a potion of agility {unknown}
 e - a potion of haste {unknown}
 f - a potion of invisibility {unknown}
Comestibles
 b - 2 rations


   Skills:
 - Level 2.0 Dodging
 - Level 2.6 Stealth
 * Level 2.7 Spellcasting
 + Level 4.2 Conjurations


You had 5 spell levels left.
You knew the following spells:

 Your Spells              Type           Power        Failure   Level  Hunger
a - Magic Dart            Conj           ###.         3%          1    #......

Your spell library contained the following spells:

 Spells                   Type           Power        Failure   Level  Hunger
 Searing Ray              Conj           ###...       4%          2    ##.....
 Dazzling Spray           Conj/Hex       #.....       22%         3    ###....
 Iskenderun's Mystic Bla  Conj           ###.....     30%         4    #####..
 Force Lance              Conj/Tloc      #.......     58%         4    #####..
 Fulminant Prism          Conj/Hex       #.........   58%         4    #####..


Dungeon Overview and Level Annotations

Branches:
Dungeon (1/15)

Altars:


Innate Abilities, Weirdness & Mutations

You cannot wear most types of armour.
You are very stealthy in the water. (Stealth+)
You are amphibious.
You can wear up to eight rings at the same time.
You can use your tentacles to constrict eight enemies at once.
Your skin changes colour to match your surroundings (Stealth+).
Your rubbery body absorbs attacks. (AC +1, EV +1)


Message History

You kill the ooze!
The jackal barely misses you.
You closely miss the jackal. You grab the jackal.
You constrict the jackal, but do no damage.
The jackal completely misses you.
You hit the jackal but do no damage. You constrict the jackal.
The jackal struggles to escape constriction.
You hit the jackal.
The jackal is almost dead.
You constrict the jackal.
You kill the jackal!
The jackal bites you.
* * * LOW HITPOINT WARNING * * *
You hit the jackal but do no damage. Your grab misses the jackal.
The jackal bites you.
* * * LOW HITPOINT WARNING * * *
The jackal misses you.
There is a stone staircase leading down here.
The jackal barely misses you. The jackal bites you.
You die...

.#########.######...............#
........#......##.........##.#..#
........#......##.........##.#..#
...............##.........##.#.##
........#......#########..##.#...
....###.###############...##.####
....# #...................##.....
....###..###+#######'###..#######
.........#..⌠...@...⌠..#..#
....##...#.....h<......#..#
....##...'⌠...J###....⌠+..#
#...##...#.............#..#######
###......#######J#######.........
#.###..#.....r...... #...######
#......#.....r.......#...##...#
#......#hh...........#...##.#.# #
#......###############....#.#.#


You could see an ooze and a jackal.

Vanquished Creatures
  An ooze (D:1)
  A dart slug (D:1)
  2 bats (D:1)
  2 goblins (D:1)
  2 jackals (D:1)
  A kobold (D:1)
  A frilled lizard (D:1)
  2 rats (D:1)
12 creatures vanquished.

Notes
Turn   | Place    | Note
-------+----------+-------------------------------------------
     0 | D:1      | RonnieColeman the Octopode Conjurer began the quest for the
                  | Orb.
     0 | D:1      | Reached XP level 1. HP: 11/11 MP: 3/3
     1 | D:1      | Found a runed translucent door.
   265 | D:1      | Reached XP level 2. HP: 16/17 MP: 5/5
   898 | D:1      | Slain by a jackal

Levels and vault maps discovered:
D:1:      dpeg_arrival_caged_fury, layout_basic
